 Dungeon Crawl Stone Soup version 0.29-a0-816-g82769f0e0c (webtiles) character file.

Game seed: 9768026387490846428

58 Colgate the Sneak (level 4, -4/26 HPs)
             Began as a Kobold Brigand on July 5, 2022.
             Slain by an orc priest
             ... wielding a +0 hand axe
              (7 damage)
             ... on level 3 of the Dungeon.
             The game lasted 00:03:22 (1833 turns).

Colgate the Sneak (Kobold Brigand)                  Turns: 1833, Time: 00:03:23

Health: -4/26      AC:  3    Str:  8    XL:     4   Next: 21%
Magic:  4/4        EV: 15    Int: 14    God:
Gold:   171        SH:  0    Dex: 16    Spells: 3/3 levels left

rFire   . . .      SeeInvis .   a - +3 dagger
rCold   . . .      Faith    .   (no shield)
rNeg    . . .      Spirit   .   b - +0 robe
rPois   .          Reflect  .   (no helmet)
rElec   .          Harm     .   c - +0 cloak
rCorr   .          Rampage  .   (no gloves)
Will    .....                   (no boots)
Stlth   ++++......              (no amulet)
HPRegen 0.08/turn               (no ring)
MPRegen 0.09/turn               (no ring)

@: no status effects
A: small, no large weapons, nightstalker 3
a: no special abilities


You were on level 3 of the Dungeon.
You visited 1 branch of the dungeon, and saw 3 of its levels.

You collected 171 gold pieces.

Inventory:

Hand Weapons
 a - a +3 dagger (weapon)
 m - the +1 sling of the Orcish Mines {speed, rC+ Int+4}
   (You found it on level 2 of the Dungeon)

   Attacks with this weapon are significantly faster.
   Int:       It affects your intelligence (+4).
   rC:        It protects you from cold.
Missiles
 d - 17 poisoned darts (quivered)
 e - 3 curare-tipped darts
Armour
 b - a +0 robe (worn)
 c - a +0 cloak (worn)
 j - a scarf of repulsion
Scrolls
 g - a scroll of magic mapping {unknown}
 h - a scroll of enchant weapon {unknown}
 i - 2 scrolls of vulnerability
 l - a scroll of poison
 n - a scroll of teleportation {unknown}
 p - a scroll of noise {unknown}
 q - a scroll of identify {@r1}
Potions
 f - 2 potions of curing {@q1}
 k - 2 potions of mutation {unknown}
 o - a potion of berserk rage


   Skills:
 - Level 2.1 Fighting
 - Level 4.0 Short Blades
 - Level 2.1 Throwing
 + Level 3.6 Dodging
 - Level 5.3 Stealth


You had 3 spell levels left.
You didn't know any spells.
Your spell library contained the following spells:

 Spells                   Type           Power      Damage    Failure   Level
 Magic Dart               Conj           0%         1d3       28%         1
 Necrotise                Necr           0%         1d4       28%         1
 Sting                    Tmut/Pois      0%         1d3       28%         1
 Call Imp                 Summ           0%         N/A       41%         2
 Poisonous Vapours        Pois/Air       0%         N/A       41%         2
 Sublimation of Blood     Necr           0%         N/A       41%         2
 Mephitic Cloud           Conj/Pois/Air  0%         N/A       65%         3
 Vampiric Draining        Necr           0%         2d6       65%         3
 Corpse Rot               Necr/Pois/Air  0%         N/A       96%         4
 Olgreb's Toxic Radiance  Pois           0%         N/A       96%         4
 Petrify                  Tmut/Erth      0%         N/A       96%         4
 Agony                    Necr           0%         N/A       100%        5
 Irradiate                Conj/Tmut      0%         3d13      100%        5


Dungeon Overview and Level Annotations

Branches:
Dungeon (3/15)

Altars:


Innate Abilities, Weirdness & Mutations

You are small and have problems with some larger weapons.
You are completely attuned to the shadows.


Message History

The orc throws a boomerang.
The boomerang completely misses you.
There are monsters nearby!
There are monsters nearby!
An orc comes into view. It is wielding a +0 short sword.
You closely miss the orc.
The orc priest invokes the aid of Beogh against you.
Beogh smites you!
The orc hits you from afar with a +0 trident.
The orc barely misses you.
You closely miss the orc. The orc hits you with a +0 hand axe.
The orc misses you.
You hit the orc.
The orc priest calls upon Beogh to heal the orc.
The orc's wounds heal themselves!
The orc misses you. The orc hits you but does no damage.
You closely miss the orc. The orc completely misses you.
You hit the orc but do no damage. You hit the orc but do no damage.
The orc closely misses you.
You hit the orc but do no damage. You closely miss the orc. You hit the orc.
The orc hits you with a +0 short sword.
You hit the orc. You hit the orc.
You kill the orc!
You closely miss the orc. The orc hits you with a +0 hand axe.
The orc barely misses you.
You barely miss the orc. The orc hits you with a +0 hand axe.
The orc completely misses you.
You hit the orc. The orc barely misses you. The orc completely misses you.
You closely miss the orc. You hit the orc.
You kill the orc!
The orc completely misses you.
You hit the orc priest. The orc priest completely misses you.
The orc closely misses you.
You hit the orc priest but do no damage.
The orc hits you from afar with a +0 trident.
* * * LOW HITPOINT WARNING * * *
The orc priest hits you with a +0 hand axe!
You die...

♣♣.P.P♣♣ ..♣.P.P♣
##♣♣...♣# .##♣♣♣♣.#
...####.#
##...##.###### .
####..........### ..
........#####...###...
.....♣.♣.# #.@oo...
.....♣.♣.# #.##o.#.
.....♣.♣.######.# .##
.....♣.♣........# .#
.....♣.♣ #....###..#
.....♣.♣ ####.#...
.....♣.♣#####.#.#
.....♣.♣...##...#
.....♣.♣##......##


You could see an orc priest and 2 orcs.

Vanquished Creatures
  2 adders (D:2)
  A worm (D:2)
  2 orcs (D:3)
  2 bats (D:1)
  4 endoplasms
  3 giant cockroaches
  3 goblins
  A hobgoblin (D:1)
  4 jackals (D:1)
  3 kobolds (D:2)
  A quokka (D:2)
  A ball python (D:2)
  3 frilled lizards
  2 rats (D:1)
32 creatures vanquished.

Vanquished Creatures (others)
  2 plants (D:3)
2 creatures vanquished.

Grand Total: 34 creatures vanquished

Notes
Turn   | Place    | Note
-------+----------+-------------------------------------------
     0 | D:1      | Colgate the Kobold Brigand began the quest for the Orb.
     0 | D:1      | Reached XP level 1. HP: 12/12 MP: 1/1
   127 | D:1      | Reached XP level 2. HP: 17/17 MP: 2/2
  1029 | D:2      | Reached XP level 3. HP: 21/21 MP: 3/3
  1188 | D:2      | Identified the +1 sling of the Orcish Mines {speed, rC+
                  | Int+4}
  1445 | D:2      | Reached XP level 4. HP: 26/26 MP: 4/4
  1833 | D:3      | Slain by an orc priest

Illustrated notes

Levels and vault maps discovered:
D:1:      lightli_iron_boxes, layout_basic, serial_glass, glass_columns_b,
          glass_columns_a, glass_columns_b, glass_columns_c
D:2:      layout_rooms
D:3:      layout_rooms, demons_altar, serial_forest, infiniplex_forest_join,
          infiniplex_forest_join, infiniplex_forest_straight_3,
          infiniplex_forest_straight_4, infiniplex_forest_straight_1,
          infiniplex_forest_clump_double, hellmonk_ecumenical_altar_run_dry,
          minmay_pentomino_pile

Skill      XL: |  1  2  3 |
---------------+----------+-----
Short Blades   | 3 4 |  4.0
Dodging        | 2 3 |  3.6
Fighting       | |  2.1
Throwing       | |  2.1
Stealth        | |  5.3

Action                   |  1- 3 |  4- 6 || total
-------------------------+-------+-------++-------
Melee: Dagger            |    76 |    26 ||   102
       Punch             |     1 |       ||     1
  Use: Scroll            |     1 |     3 ||     4
 Stab: Sleeping          |    11 |     1 ||    12
Armor: Robe              |     7 |     1 ||     8
Dodge: Dodged            |    46 |    17 ||    63

Table legend: (Time is in decaauts)
 A = Elapsed time spent in this place.
 B = Non-inter-level travel time spent in this place.
 C = Inter-level travel time spent in this place.
 D = Time resting spent in this place.
 E = Time spent auto-exploring this place.
 F = Levels seen in this place.
 G = Mean time per level.
                   A        B        C        D        E       F      G
               +--------+--------+--------+--------+--------+-----+--------+
         Total |   1812 |   1748 |     64 |    100 |   1394 |   3 |  604.0 |
       Dungeon |   1812 |   1748 |     64 |    100 |   1394 |   3 |  604.0 |
               +--------+--------+--------+--------+--------+-----+--------+

Top non-repeatable levels by time:
     D:1: 975 daAuts
     D:2: 495 daAuts
     D:3: 342 daAuts
